 Dungeon Crawl Stone Soup version 0.22-a0-348-gd16d139 (webtiles) character file.

189 Gildeon the Chopper (level 5, -5/45 HPs)
             Began as a Minotaur Fighter on Apr 9, 2018.
             Was an Initiate of Qazlal.
             Slain by Gildeon's ghost (14 damage)
             ... on level 3 of the Dungeon.
             The game lasted 00:06:43 (2229 turns).

Gildeon the Chopper (Minotaur Fighter)              Turns: 2229, Time: 00:06:44

Health: -5/45      AC:  6    Str: 25    XL:     5   Next: 40%
Magic:  4/4        EV:  7    Int:  5    God:    Qazlal [......]
Gold:   112        SH:  9    Dex: 11    Spells: 4/4 levels left

rFire    . . .     SeeInvis .   h - -1 hand axe (curse)
rCold    . . .     Gourm    .   c - +0 shield
rNeg     . . .     Faith    .   b - +0 scale mail
rPois    .         Spirit   .   (helmet restricted)
rElec    .         Reflect  .   (no cloak)
rCorr    .         Harm     .   (no gloves)
MR       .....                  (no boots)
Stlth    ..........             (no amulet)
HPRegen  0.15/turn              (no ring)
MPRegen  0.09/turn              (no ring)

@: mighty, heavily drained
A: retaliatory headbutt, horns 2
a: Renounce Religion


You were on level 3 of the Dungeon.
You worshipped Qazlal.
Qazlal was noncommittal.
You were not hungry.

You visited 1 branch of the dungeon, and saw 3 of its levels.

You collected 112 gold pieces.

Inventory:

Hand Weapons
 a - a +0 war axe
 h - a cursed -1 hand axe (weapon)
Armour
 b - a +0 scale mail (worn)
 c - a +0 shield (worn)
Scrolls
 e - a scroll of teleportation
Potions
 g - a potion of agility {unknown}
 k - 2 potions of curing
Comestibles
 f - 9 rations
 i - 9 chunks of flesh


   Skills:
 - Level 3.6(1.8) Fighting
 + Level 6.9(5.0) Axes
 - Level 3.6(1.8) Armour
 - Level 3.6(1.8) Shields


You had 4 spell levels left.
You didn't know any spells.

Dungeon Overview and Level Annotations

Branches:
Dungeon (3/15)

Altars:
Qazlal

Annotations:
D:3 Gildeon's ghost, amateur MiFi


Innate Abilities, Weirdness & Mutations

You reflexively headbutt those who attack you in melee.
You have a pair of horns on your head.


Message History

* * * LOW HITPOINT WARNING * * *
The gnoll hits you with a club.
* * * LOW HITPOINT WARNING * * *
Gildeon's ghost barely misses you. You furiously retaliate!
You headbutt Gildeon's ghost.
It was a potion of curing.
You feel better. The gnoll hits you but does no damage. The gnoll hits you.
* * * LOW HITPOINT WARNING * * *
Gildeon's ghost wails.
You block Gildeon's ghost's attack.
You slash Gildeon's ghost! Your headbutt misses Gildeon's ghost.
Gildeon's ghost is severely damaged.
Your shield and scale mail prevent you from hitting the gnoll.
You barely miss the gnoll. The gnoll closely misses you.
You furiously retaliate!
You headbutt the gnoll!!
You kill the gnoll!
Qazlal accepts your kill. The gnoll barely misses you. You furiously retaliate!
You headbutt the gnoll! Gildeon's ghost hits you!
You die...

#..#### #..##...........
#....# #.###.....###...
#....####.###..)..>##...
#.......................
#...##.#....##.......##
#......#....##..####..#
#......#........# #..#
...####..#g......#.## #...
........gW@......#..#####..
...####.###)...............
#...........#.######.
#..###........### #.
###W>.# ....##....####.
#..gg.# ....###.......)
#..g.(# ##..# ##.#.....
#....(## ##.# #....###.
#......# #..##...####.


You could see Gildeon's ghost and 2 gnolls.

Vanquished Creatures
  A big kobold (D:2)
  2 gnolls (D:3)
  3 adders (D:2)
  3 worms (D:2)
  A dart slug (D:1)
  A leopard gecko (D:2)
  A ball python (D:1)
  10 bats
  7 goblins
  10 hobgoblins
  5 jackals
  5 kobolds
  A quokka (D:2)
  5 frilled lizards
  9 rats
  A bush (D:2)
65 creatures vanquished.

Vanquished Creatures (others)
  A plant (D:2)
1 creature vanquished.

Grand Total: 66 creatures vanquished

Notes
Turn   | Place    | Note
-------+----------+-------------------------------------------
     0 | D:1      | Gildeon the Minotaur Fighter began the quest for the Orb.
     0 | D:1      | Reached XP level 1. HP: 19/19 MP: 0/0
    57 | D:1      | Reached skill level 3 in Axes
    63 | D:1      | Reached XP level 2. HP: 26/26 MP: 1/1
   313 | D:1      | Reached skill level 4 in Axes
   680 | D:2      | Reached XP level 3. HP: 30/31 MP: 2/2
  1050 | D:2      | Reached skill level 5 in Axes
  1149 | D:2      | Reached XP level 4. HP: 39/39 MP: 3/3
  1150 | D:2      | Noticed a big kobold
  1173 | D:2      | Killed a big kobold
  1173 | D:2      | Reached skill level 6 in Axes
  1368 | D:2      | Reached XP level 5. HP: 44/45 MP: 4/4
  2032 | D:3      | Noticed a fire elemental
  2034 | D:3      | Found a stormy altar of Qazlal.
  2051 | D:3      | Noticed an air elemental
  2051 | D:3      | Noticed a water elemental
  2065 | D:3      | Became a worshipper of Qazlal Stormbringer
  2208 | D:3      | Noticed Gildeon's ghost (amateur MiFi)
  2229 | D:3      | Slain by Gildeon's ghost

Vault maps used:
D:1:      sevenhm_arrival_forest_fort_large_2
D:2:      serial_forest, infiniplex_forest_clump_cross, infiniplex_forest_3_way,
          infiniplex_forest_straight_4, infiniplex_forest_end_2,
          infiniplex_forest_clump_diagonal, infiniplex_forest_corner_1,
          kennysheep_generic_room_7
D:3:      nicolae_qazlal_style_of_elements

Skill      XL: |  1  2  3  4 |
---------------+-------------+-----
Axes           | 3 4 5 6 |  6.9
Fighting       | |  3.6
Armour         | |  3.6
Shields        | |  3.6

Action                   |  1- 3 |  4- 6 || total
-------------------------+-------+-------++-------
Melee: War axe           |    54 |       ||    54
       Headbutt          |     8 |    31 ||    39
       Hand axe          |    33 |   137 ||   170
  Use: Scroll            |     3 |       ||     3
       Potion            |       |     2 ||     2
  Eat: Chunk             |     1 |     4 ||     5
Armor: Scale mail        |    41 |    40 ||    81
Dodge: Dodged            |    19 |    25 ||    44
Block: Shield            |    40 |    46 ||    86

Table legend:
 A = Spawn XP
 B = Non-spawn XP
 C = Spawn XP percentage of total XP
 D = Spawn monster count
 E = Non-spawn monster count
 F = Spawn count percentage of total count
 G = Total turns spent on level
                    A         B        C        D         E        F      G
               +---------+---------+-------+---------+---------+-------+---------
         Total |       0 |     271 |   0.0 |       0 |      64 |   0.0 |  2229
               +---------+---------+-------+---------+---------+-------+---------
           D:1 |       0 |      34 |   0.0 |       0 |      18 |   0.0 |   649
           D:2 |       0 |     189 |   0.0 |       0 |      32 |   0.0 |  1357
           D:3 |       0 |      48 |   0.0 |       0 |      14 |   0.0 |   223
               +---------+---------+-------+---------+---------+-------+---------
